 Dungeon Crawl Stone Soup version 0.19.0-19-g8c6edcc (webtiles) character file.

5895 AAAAA the Nimble (level 10, -22/64 HPs)
             Began as an Octopode Warper on Nov 15, 2016.
             Was a High Priest of Okawaru.
             Annihilated by a hill giant
             ... wielding a +0 giant spiked club
              (39 damage)
             ... on level 10 of the Dungeon.
             The game lasted 00:55:29 (11991 turns).

AAAAA the Nimble (Octopode Warper)                 Turns: 11991, Time: 00:55:31

Health: -22/64     AC:  2    Str: 10    XL:     10   Next: 82%
Magic:  12/14      EV: 16    Int: 20    God:    Okawaru [*****.]
Gold:   354        SH: 10    Dex: 12    Spells: 2 memorised, 11 levels left

rFire  + . .     SeeInvis .     a - +0 scimitar
rCold  . . .     Gourm    .     V - +0 shield
rNeg   . . .     Faith    .     (helmet restricted)
rPois  +         Spirit   .     j - amulet of rage
rElec  +         Reflect  .     w - ring of poison resistance
rCorr  .         Harm     .     E - ring of protection from fire
MR     .....                    R - +5 ring of intelligence
Stlth  ++........               U - +1 ring of protection
                                (no ring)
                                (no ring)
                                (no ring)
                                (no ring)

@: no status effects
A: almost no armour, stealthy swim, amphibious, 8 rings, constrict 8, camouflage
1, clumsy 2, frail 1, electricity resistance, gelatinous body 1
a: Heroism, Finesse, Renounce Religion, Evoke Berserk Rage


You were on level 10 of the Dungeon.
You worshipped Okawaru.
Okawaru was extremely pleased with you.
You were near starving.

You visited 2 branches of the dungeon, and saw 12 of its levels.
You also visited: Sewer and Ossuary.

You collected 633 gold pieces.
You spent 279 gold pieces at shops.

Inventory:

Hand Weapons
 a - a +0 scimitar (weapon)
 X - a +0 blowgun
 Z - a +1 dagger of venom
Missiles
 d - 5 tomahawks of dispersal (quivered)
 k - 9 curare-tipped needles
 p - 3 throwing nets
 H - 167 stones
 J - 14 poisoned needles
 S - 5 tomahawks
Armour
 D - a +0 buckler
 V - a +0 shield (worn)
Jewellery
 j - an amulet of rage (around mantle)
 w - a ring of poison resistance (left tentacle)
 E - a ring of protection from fire (right tentacle)
 F - an uncursed amulet of magic regeneration
 R - a +5 ring of intelligence (on tentacle)
 U - a +1 ring of protection (on tentacle)
 Y - an uncursed ring of fire
Wands
 m - a wand of lightning (2/15)
 q - a wand of slowing (20/48)
 v - a wand of digging (19/24)
 y - a wand of slowing (18/48)
 T - a wand of digging (16/24)
Scrolls
 c - a scroll of blinking
 i - 2 scrolls of teleportation
 n - 2 scrolls of remove curse
 o - 4 scrolls of amnesia
 G - a scroll of magic mapping {unknown}
 I - 3 scrolls of recharging
 L - a scroll of summoning {unknown}
 M - 3 scrolls of enchant weapon
 P - a scroll of fear {unknown}
 Q - 2 scrolls of immolation {unknown}
Potions
 e - a potion of flight
 h - 5 potions of lignification
 l - 3 potions of cancellation {unknown}
 r - 2 potions of mutation {unknown}
 s - 3 potions of brilliance {unknown}
 t - 2 potions of haste
 u - a potion of magic {unknown}
 z - 4 potions of degeneration {unknown}
 A - a potion of ambrosia {unknown}
 B - 4 potions of heal wounds
 C - a potion of agility
 O - a potion of resistance {unknown}
 W - a potion of might
Books
 b - a book of Spatial Translocations

   Spells                             Type                      Level
   a - Blink                          Translocation                2
   b - Shroud of Golubria             Charms/Translocation         2
   c - Lesser Beckoning               Translocation                3
   d - Portal Projectile              Translocation                3
   e - Teleport Other                 Translocation                3
   f - Passage of Golubria            Translocation                4
 N - a book of Battle

   Spells                             Type                      Level
   a - Infusion                       Charms                       1
   b - Shroud of Golubria             Charms/Translocation         2
   c - Song of Slaying                Charms                       2
   d - Spectral Weapon                Hexes/Charms                 3
   e - Regeneration                   Charms/Necromancy            3
Miscellaneous
 x - a sack of spiders
Comestibles
 f - 9 bread rations
 g - 5 meat rations
 K - 4 fruits


   Skills:
 + Level 8.2 Fighting
 + Level 8.1 Long Blades
 - Level 1.0 Throwing
 + Level 8.4 Dodging
 + Level 7.5 Shields
 - Level 3.0 Spellcasting
 - Level 3.0 Translocations


You had 11 spell levels left.
You knew the following spells:

 Your Spells              Type           Power        Failure   Level  Hunger
a - Shroud of Golubria    Chrm/Tloc      #.........   34%         2    ##.....
b - Blink                 Tloc           N/A          17%         2    ##.....


Dungeon Overview and Level Annotations

Branches:
Dungeon (11/15)            Temple (1/1) D:4
   Lair: D:8-11         Orc: D:9-12

Altars:
Ashenzari
Cheibriados
Dithmenos
Elyvilon
Fedhas
Gozag
Hepliaklqana
Kikubaaqudgha
Makhleb
Nemelex Xobeh
Okawaru
Qazlal
Ru
Sif Muna
Trog
Uskayaw
Vehumet
Xom
Yredelemnul
Zin
The Shining One

Shops:
D:6 [   D:9 !

Annotations:
D:9 dracos369's ghost, novice MfCK


Innate Abilities, Weirdness & Mutations

You cannot wear most types of armour.
You are very stealthy in the water. (Stealth+)
You are amphibious.
You can wear up to eight rings at the same time.
You can use your tentacles to constrict eight enemies at once.
Your skin changes colour to match your surroundings (Stealth+).
Your rubbery body absorbs attacks. (AC +1, EV +1)
You are very clumsy. (Dex -4)
You are frail. (-10% HP)
You are resistant to electric shocks. (rElec)


Message History

* * * LOW HITPOINT WARNING * * *
The ice beast freezes you!
* * * LOW HITPOINT WARNING * * *
Casting: Shroud of Golubria
Confirm with . or Enter, or press ? or * to list all spells.
Space distorts slightly along a thin shroud covering your body.
The ice beast closely misses you.
Casting: Shroud of Golubria
Confirm with . or Enter, or press ? or * to list all spells.
Okay, then.
Your shroud begins to fray at the edges.
A hill giant comes into view. It is wielding a giant spiked club.
The hill giant shouts!
Casting: Shroud of Golubria
Confirm with . or Enter, or press ? or * to list all spells.
You blink.
Your shroud unravels.
The hill giant hits you with a giant spiked club!!!
Ouch! That really hurt!
You die...

.#..#.# #.#.#########
.#..#.# #.#.........#
.#..#.####.#.#######.##
...........#.##...[#..#
##..#.######.Y§.......#
...............#..#...#
##..#.....##..........##
#...........#..C...#..#
#.#....<.......@.:....#
###..####[............#
#.>...#...#......#..#
#####.###..........##
#.......#..#...#
######.........#
#..........[<#.#
#..........#.#.#
#######.##.#.#.#


You could see a hill giant and an ice beast.

Vanquished Creatures
  Pikel (D:5)
  Grinder (D:5)
  3 hippogriffs
  Sigmund (D:5)
  A spriggan (D:8)
  A yak (D:11)
  A steam dragon (D:7)
  A water moccasin (D:5)
  An orc warrior (D:6)
  2 sky beasts (D:8)
  3 slaves (D:5)
  A black bear (D:8)
  3 ogres
  2 necrophages
  3 centaurs
  2 big kobolds (D:9)
  Blork the orc (D:5)
  6 bullfrogs
  A wyvern zombie (D:9)
  2 water moccasin zombies (Ossuary)
  2 scorpions
  A water moccasin skeleton (D:10)
  10 killer bees
  A howler monkey (D:8)
  5 crimson imps
  A bullfrog zombie (D:7)
  A centaur zombie (D:5)
  2 jellies
  5 orc priests
  A quasit (D:6)
  A bullfrog skeleton (D:6)
  2 hounds (D:8)
  12 orc wizards
  6 iguanas
  8 worker ants
  A killer bee zombie (D:6)
  5 big kobold zombies (Ossuary)
  2 hound skeletons
  2 mummies (Ossuary)
  A howler monkey skeleton (D:9)
  8 adders
  2 shadow imps
  6 adder zombies (Ossuary)
  A worm (D:4)
  6 leopard geckos
  28 orcs
  A ball python (D:4)
  6 bats
  14 giant cockroaches
  3 goblins
  4 hobgoblins (D:2)
  3 quokkas
  A ball python zombie (D:5)
  12 frilled lizards
  3 gnoll zombies (Ossuary)
  3 hobgoblin zombies (Ossuary)
  15 kobolds
  7 kobold zombies (Ossuary)
  A leopard gecko zombie (D:8)
  4 orc zombies (Ossuary)
  4 rats
238 creatures vanquished.

Vanquished Creatures (others)
  5 dream sheep (D:8)
  A slave (D:5)
  An orc wizard (D:9)
  A shadow imp (D:5)
8 creatures vanquished.

Grand Total: 246 creatures vanquished

Notes
Turn   | Place    | Note
-------+----------+-------------------------------------------
     0 | D:1      | AAAAA the Octopode Warper began the quest for the Orb.
     0 | D:1      | Reached XP level 1. HP: 14/14 MP: 3/3
   149 | D:3      | Reached XP level 2. HP: 6/19 MP: 3/5
   153 | D:3      | Learned a level 2 spell: Blink
  1080 | D:2      | Reached XP level 3. HP: 16/24 MP: 7/7
  1420 | D:3      | Reached XP level 4. HP: 29/30 MP: 8/8
  1567 | D:4      | Found a staircase to the Ecumenical Temple.
  1570 | D:4      | Reached XP level 5. HP: 36/36 MP: 9/9
  1593 | Temple   | Entered the Ecumenical Temple
  1703 | Temple   | Became a worshipper of Warmaster Okawaru
  1765 | D:4      | Reached XP level 6. HP: 27/42 MP: 10/10
  1956 | D:4      | Found a glowing drain.
  1970 | Sewer    | Entered a sewer
  2245 | Sewer    | Reached * piety under Okawaru
  2434 | D:4      | Reached XP level 7. HP: 38/48 MP: 11/11
  2623 | D:5      | Entered Level 5 of the Dungeon
  3240 | D:6      | You fall through a shaft for 2 floors!
  3356 | D:7      | Noticed a death knight
  3478 | D:6      | Reached skill level 5 in Fighting
  3483 | D:6      | Found a sand-covered staircase.
  3538 | Ossuary  | Entered an ossuary
  3647 | Ossuary  | Reached skill level 5 in Dodging
  3804 | Ossuary  | Reached skill level 5 in Long Blades
  3920 | Ossuary  | Reached XP level 8. HP: 52/55 MP: 12/12
  4255 | D:6      | Found Niygugakh's Armour Emporium.
  4263 | D:6      | Bought a +0 buckler for 58 gold pieces
  4356 | D:6      | Reached ** piety under Okawaru
  4356 | D:6      | Reached skill level 1 in Shields
  4434 | D:5      | Noticed Pikel
  4804 | D:5      | Killed Pikel
  4804 | D:5      | Reached *** piety under Okawaru
  4804 | D:5      | Reached skill level 5 in Shields
  4823 | D:5      | Noticed Blork the orc
  4886 | D:5      | Killed Blork the orc
  5047 | D:5      | Noticed Grinder
  5056 | D:5      | Killed Grinder
  5056 | D:5      | Reached XP level 9. HP: 62/62 MP: 13/13
  5482 | D:5      | Noticed Sigmund
  5490 | D:5      | Killed Sigmund
  6202 | D:6      | Got a scorched dagger
  6205 | D:6      | Identified the +5 dagger of Mayhem {protect, rPois Str+7 Int+4 Dex+2} (You found it on level 6 of the Dungeon)
  6981 | D:7      | Reached **** piety under Okawaru
  7454 | D:8      | Gained mutation: You are resistant to electric shocks. (rElec) [mutagenic meat]
  7455 | D:8      | Gained mutation: You are frail. (-10% HP) [mutagenic meat]
  7456 | D:8      | Gained mutation: You are clumsy. (Dex -2) [mutagenic meat]
  7457 | D:8      | Gained mutation: You are very clumsy. (Dex -4) [mutagenic meat]
  7480 | D:8      | Found a shimmering altar of Xom.
  7760 | D:8      | Reached XP level 10. HP: 59/63 MP: 14/14
  8930 | D:9      | Noticed dracos369's ghost (novice MfCK)
 10421 | D:9      | Reached ***** piety under Okawaru
 10496 | D:10     | Entered Level 10 of the Dungeon
 10757 | D:9      | Found Cowiggeo's Distillery.
 10765 | D:9      | Bought a potion of lignification for 51 gold pieces
 10765 | D:9      | Bought 2 potions of heal wounds for 170 gold pieces
 10803 | D:8      | Found a blossoming altar of Fedhas.
 10982 | D:9      | Learned a level 2 spell: Shroud of Golubria
 11537 | D:10     | Noticed a hill giant
 11987 | D:10     | Noticed a hill giant
 11991 | D:10     | Annihilated by a hill giant

Skill      XL: |  1  2  3  4  5  6  7  8  9 10 |
---------------+-------------------------------+-----
Spellcasting   | 3 |  3.0
Dodging        | 3 4 5 7 8 |  8.4
Fighting       | 3 4 5 7 8 |  8.2
Long Blades    | 3 4 5 7 8 |  8.1
Shields        | 5 6 7 |  7.5
Throwing       | |  1.0
Translocations | |  3.0

Action                   |  1- 3 |  4- 6 |  7- 9 | 10-12 || total
-------------------------+-------+-------+-------+-------++-------
Melee: Falchion          |    20 |       |       |       ||    20
       Constrict         |    16 |    26 |    76 |    47 ||   165
       Tentacles         |    10 |    20 |    74 |    55 ||   159
       Long sword        |    34 |    79 |   239 |       ||   352
       Scimitar          |       |       |    67 |   236 ||   303
 Cast: Blink             |       |       |    10 |    10 ||    20
       Shroud of Golubri |       |       |       |     1 ||     1
Invok: Heroism           |       |       |       |     4 ||     4
 Abil: Evoke Berserk Rag |     1 |     1 |     5 |     5 ||    12
Evoke: Wand              |       |       |       |     1 ||     1
  Use: Scroll            |       |       |     3 |     8 ||    11
       Potion            |       |       |     1 |     4 ||     5
 Stab: Sleeping          |     5 |     6 |     4 |     3 ||    18
       Distracted        |       |       |     1 |       ||     1
  Eat: Chunk             |     1 |     6 |    18 |    10 ||    35
       Royal jelly       |       |       |     1 |       ||     1
       Meat ration       |       |       |     1 |     1 ||     2
       Fruit             |       |       |       |     4 ||     4
Armor: Skin              |     6 |     4 |    14 |     9 ||    33
Dodge: Dodged            |    44 |    44 |   229 |   173 ||   490
Block: Buckler           |       |       |    41 |    46 ||    87
       Shield            |       |       |       |    19 ||    19
       Rpst.: Falchion   |     6 |       |       |       ||     6
       Long sword        |     7 |    15 |    53 |       ||    75
       Scimitar          |       |       |    18 |    41 ||    59
